Map: Disco Bloodbath LE

Players

Probe - Winner!

  • Race: Protoss Protoss
  • Spawn Location: 3:00

PengWin

  • Race: Zerg Zerg
  • Spawn Location: 9:00

VOD

Have the link to the VOD?

Description

Time

  • Played on: Sept. 6, 2019, 12:38 p.m.
  • Length: 20:42
Show
View Real Time Build Order
Export as new Build Order

Probe Protoss - Winner!

Build Orders: 1 Gate Expand, Oracle Opening 

Get SALT Encoding   

  12  0:00  Probe  
  13  0:12  Probe  
  14  0:20  Pylon  
  14  0:25  Probe  
  15  0:35  Probe  
  15  0:39  Gateway  
  16  0:43  Probe  
  16  0:49  Assimilator  
  17  0:52  Probe  
  18  1:04  Probe  
  19  1:17  Probe  
  20  1:24  Nexus  
  20  1:35  Cybernetics Core  
  20  1:37  Probe  
  21  1:43  Assimilator  
  21  1:49  Probe  
  22  1:55  Pylon  
  22  2:01  Probe  
  22  2:03  Adept  
  23  2:09  Probe  
  26  2:17  Probe  
  26  2:22  Stargate  
  27  2:28  Probe  
  28  2:32  Probe  
  28  2:33  Adept  
  31  2:38  Warp Gate  
  31  2:40  Probe x2  
  32  2:50  Probe  
  33  2:52  Probe  
  33  2:56  Oracle  
  35  3:03  Probe  
  35  3:04  Probe  
  40  3:15  Probe  
  40  3:16  Probe  
  40  3:17  Pylon  
  40  3:19  Gateway  
  42  3:24  Void Ray  
  43  3:27  Probe  
  43  3:28  Probe  
  43  3:31  Shield Battery  
  44  3:39  Probe  
  44  3:40  Probe  
  50  3:41  Pylon  
  50  3:51  Probe  
  50  3:52  Probe, Robotics Facility  
  52  3:56  Pylon  
  52  3:58  Assimilator  
  52  4:03  Probe  
  52  4:05  Probe  
  54  4:10  Oracle  
  54  4:15  Probe  
  56  4:17  Probe  
  56  4:18  Gateway  
  56  4:23  Assimilator  
  59  4:27  Probe  
  59  4:29  Probe  
  61  4:32  Zealot  
  61  4:33  Zealot  
  61  4:35  Pylon  
  61  4:38  Pylon  
  65  4:40  Immortal  
  69  5:02  Twilight Council  
  69  5:04  Forge  
  71  5:07  Zealot x2  
  71  5:09  Immortal  
  71  5:11  Pylon  
  73  5:16  Gateway, Pylon  
  77  5:24  Gateway  
  77  5:28  Charge, Gateway, Protoss Ground Weapons Level 1  
  77  5:35  Gateway  
  77  5:36  Gateway  
  77  5:48  Sentry  
  77  5:49  Observer  
  80  5:53  Zealot x2  
  84  5:57  Pylon  
  84  6:10  Immortal  
  88  6:17  Templar Archives  
  88  6:23  Nexus  
  88  6:26  Pylon  
  88  6:28  Zealot x2  
  88  6:32  Phoenix  
  92  6:33  Pylon  
  94  6:41  Photon Cannon  
  94  6:44  Shield Battery  
  94  6:50  Phoenix  
  96  7:02  Stalker x3  
  96  7:08  Phoenix  
  89  7:22  Stalker x2  
  91  7:31  Stalker  
  91  7:36  Stalker  
  93  7:49  Pylon  
  93  7:51  Phoenix  
  93  7:55  Pylon  
  81  7:58  Stargate  
  81  7:59  Photon Cannon  
  81  8:01  Photon Cannon  
  67  8:10  Phoenix  
  67  8:14  Probe  
  67  8:17  Stalker x2  
  70  8:36  Phoenix  
  70  8:47  Zealot x2  
  74  8:59  Stalker x2  
  76  9:03  Probe x2  
  76  9:04  Pylon  
  76  9:06  Phoenix  
  80  9:15  Probe x2, High Templar  
  84  9:17  Phoenix  
  76  9:27  Probe x2  
  76  9:28  Phoenix  
  78  9:39  Probe x2  
  78  9:40  High Templar  
  78  9:45  Archon  
  77  9:54  Phoenix  
  74  10:05  Pylon  
  76  10:14  Zealot x2, Phoenix  
  76  10:15  Zealot x3  
  86  10:22  Phoenix  
  88  10:29  Photon Cannon  
  88  10:31  Photon Cannon  
  88  10:39  Stalker x3  
  88  10:41  Phoenix  
  93  10:43  Pylon x2  
  93  10:54  Phoenix  
  94  11:00  Pylon  
  94  11:06  Zealot x2, Phoenix  
  100  11:24  Nexus  
  100  11:34  Zealot x4  
  102  11:54  High Templar  
  102  11:55  High Templar x3  
  102  11:58  Pylon  
  102  12:00  Pylon  
  110  12:02  Pylon, Archon  
  110  12:03  Archon  
  110  12:12  Pylon  
  110  12:28  Pylon  
  110  12:29  Pylon, Zealot x2, Sentry  
  116  12:31  High Templar  
  114  12:43  Probe x2  
  116  12:49  Probe  
  116  12:50  Zealot, High Templar  
  122  12:59  Phoenix x2  
  122  13:00  Archon  
  125  13:16  Assimilator  
  125  13:17  Assimilator  
  125  13:18  High Templar  
  125  13:19  High Templar  
  129  13:20  Zealot  
  129  13:25  Phoenix  
  129  13:26  Archon  
  133  13:27  Probe x2  
  133  13:29  Pylon  
  133  13:30  Observer  
  136  13:46  Phoenix  
  136  13:50  Phoenix  
  136  13:51  Zealot x3  
  136  13:52  Observer  
  143  14:11  High Templar x2  
  143  14:12  Stalker x3  
  151  14:21  Archon  
  111  14:50  Photon Cannon  
  111  14:51  Photon Cannon, Pylon  
  111  14:52  Pylon  
  110  14:53  Pylon  
  110  14:54  Photon Cannon  
  110  14:55  Photon Cannon  
  105  15:18  Phoenix  
  105  15:20  High Templar x4  
  115  15:22  Stalker x2  
  115  15:23  Archon  
  115  15:25  Photon Cannon, Archon  
  112  15:52  High Templar x2  
  116  15:57  Archon  
  116  16:31  Nexus  
  112  17:04  Phoenix  
  112  17:29  High Templar x2  
  116  17:35  Archon  
  99  18:00  Zealot  
  99  18:01  Observer  
  101  18:11  Zealot x2  
  105  18:25  Zealot  
  107  18:33  Zealot x2  
  82  19:30  Pylon  
  79  19:56  Assimilator  
  77  20:20  Assimilator  
Show
View Real Time Build Order
Export as new Build Order

PengWin Zerg 

Build Orders: Hatch First 

Get SALT Encoding   

  12  0:00  Drone  
  13  0:12  Overlord  
  13  0:17  Drone  
  14  0:30  Drone x2  
  16  0:47  Hatchery  
  15  0:50  Drone  
  15  0:53  Drone  
  17  0:58  Extractor  
  16  1:10  Spawning Pool  
  15  1:13  Drone  
  15  1:17  Drone  
  17  1:24  Drone  
  18  1:31  Drone  
  19  1:40  Overlord  
  19  1:57  Queen  
  21  2:03  Drone x2, Queen  
  21  2:07  Metabolic Boost  
  26  2:15  Drone x2  
  26  2:16  Drone  
  26  2:21  Drone  
  26  2:22  Drone  
  30  2:34  Zergling x4  
  32  2:39  Queen  
  32  2:43  Zergling x2  
  35  2:45  Drone  
  36  2:54  Lair  
  36  2:57  Drone, Extractor  
  36  3:16  Overlord x2  
  36  3:34  Spore Crawler  
  36  3:35  Drone x3  
  36  3:36  Drone x5  
  36  3:39  Spore Crawler  
  42  3:50  Drone  
  42  3:52  Drone x5  
  42  3:53  Drone x2  
  50  4:03  Extractor  
  50  4:05  Hydralisk Den, Extractor  
  50  4:06  Overlord  
  47  4:14  Drone x3  
  50  4:20  Spire  
  49  4:32  Drone x2  
  49  4:33  Overlord x2, Drone  
  51  5:05  Zergling x20  
  61  5:24  Hatchery  
  60  5:30  Overlord x3  
  60  5:33  Overlord  
  60  5:40  Zerg Flyer Weapons Level 1  
  58  5:48  Drone x2  
  58  5:49  Drone x2  
  59  6:09  Mutalisk  
  59  6:10  Mutalisk x9  
  79  6:15  Mutalisk  
  81  6:28  Grooved Spines, Overlord x2  
  81  6:30  Drone x3  
  84  6:42  Extractor  
  84  6:43  Drone x5  
  84  6:45  Extractor  
  87  6:52  Burrow  
  87  6:53  Drone x3  
  86  6:59  Drone x2  
  84  7:12  Mutalisk  
  84  7:13  Mutalisk x3  
  79  7:25  Mutalisk x2  
  83  7:32  Zergling x24  
  95  7:47  Drone  
  95  7:48  Drone x3  
  94  7:58  Drone x5  
  93  8:44  Mutalisk x2  
  93  8:45  Hatchery, Mutalisk x7  
  100  9:07  Zergling x22  
  109  9:16  Hydralisk  
  104  9:30  Muscular Augments, Hydralisk  
  104  9:31  Hydralisk x2  
  110  9:45  Hydralisk x3  
  112  10:03  Hydralisk x6  
  122  10:10  Extractor  
  122  10:13  Extractor, Hydralisk  
  122  10:28  Overlord x3  
  122  10:46  Queen  
  124  10:56  Hydralisk x4  
  132  11:04  Hatchery  
  132  11:06  Zerg Flyer Weapons Level 2  
  131  11:17  Drone  
  131  11:18  Drone x2  
  133  11:32  Mutalisk x6  
  133  11:34  Overlord x3  
  142  11:57  Drone x3  
  145  12:07  Mutalisk x5  
  155  12:16  Zergling x12  
  155  12:17  Zergling x8  
  164  12:37  Queen  
  164  12:38  Drone x3  
  164  12:39  Drone x6  
  164  12:41  Overlord x2  
  175  12:45  Pneumatized Carapace  
  175  12:47  Lurker Den  
  174  13:10  Corruptor x7  
  188  13:15  Extractor  
  187  13:27  Overseer x2  
  187  13:31  Spore Crawler  
  186  13:38  Corruptor x3  
  183  14:09  Mutalisk x7  
  178  14:26  Mutalisk x3  
  150  14:44  Mutalisk x4  
  137  14:57  Spire  
  137  14:58  Spawning Pool  
  120  15:15  Zergling x16  
  120  15:18  Zergling x10  
  111  15:54  Zergling x12  
  111  15:55  Overlord  
  111  15:56  Overlord x4  
  117  16:09  Mutalisk x2  
  104  16:26  Mutalisk x3  
  108  16:53  Mutalisk x3  
  113  17:25  Mutalisk x2  
  113  17:29  Hatchery  
  95  17:50  Zergling x14  
  79  19:10  Hatchery  
  73  19:36  Drone  
  50  20:14  Extractor  
Tags
 
Add a new tag
Caveats
  • Supply blocks, unpowered buildings, or Contaminate may cause inaccurate times.
  • Supply counts are checked every 10 seconds.